 Dungeon Crawl Stone Soup version 0.16-a0-3354-g045d5c7 (webtiles) character file.

8985 BluebellGnoll the Basher (level 11, -7/111 HPs)
             Began as an Ogre Enchanter on Dec 28, 2014.
             Was a High Priest of Okawaru.
             Hit by a large rock thrown by a stone giant (14 damage)
             ... on level 10 of the Dungeon on Dec 29, 2014.
             The game lasted 01:14:15 (12963 turns).

BluebellGnoll the Basher (Ogre Enchanter)          Turns: 12963, Time: 01:14:15

Health: -7/111     AC:  9    Str: 15    XL:     11   Next: 39%
Magic:  24/26      EV: 13    Int: 17    God:    Okawaru [*****.]
Gold:   375        SH:  0    Dex: 10    Spells: 4 memorised, 15 levels left

rFire  + . .     SeeInvis .     E - +0 giant club
rCold  . . .     Clarity  .     b - +2 robe
rNeg   . . .     SustAb   .     (shield restricted)
rPois  +         Gourm    .     J - +1 hat {MR+}
rElec  .         Spirit   .     q - +2 cloak
rCorr  .         Warding  .     (gloves unavailable)
rMut   .         Stasis   .     (boots unavailable)
MR     ++...                    (no amulet)
Stlth  ++........               T - ring of protection from fire
                                n - ring of poison resistance

@: very slightly contaminated, very resistant to hostile enchantments,
unstealthy
A: unfitting armour, tough skin 1
a: Heroism, Finesse, Renounce Religion


You were on level 10 of the Dungeon.
You worshipped Okawaru.
Okawaru was extremely pleased with you.
You were hungry.

You visited 2 branches of the dungeon, and saw 14 of its levels.

You collected 459 gold pieces.
You spent 84 gold pieces at shops.

Inventory:

Hand weapons
 j - a +1 flail of holy wrath
 E - a +0 giant club (weapon)
 L - a +0 blowgun
Missiles
 e - 6 poisoned tomahawks
 l - 4 javelins of returning
 o - a throwing net
 y - 107 stones
 K - 6 curare-tipped needles
 N - 9 tomahawks
 O - 3 javelins (quivered)
Armour
 b - a +2 robe (worn)
 q - a +2 cloak (worn)
 J - a +1 hat of magic resistance (worn)
Jewellery
 n - a ring of poison resistance (left hand)
 r - an uncursed ring of positive energy
 G - an uncursed ring of sustain abilities
 T - a ring of protection from fire (right hand)
Magical devices
 f - a wand of cold (0)
 s - a wand of disintegration (8)
Scrolls
 g - 9 scrolls of remove curse
 m - 7 scrolls of teleportation
 Q - a scroll of fear
 R - a scroll of immolation
 X - 2 scrolls of fog
Potions
 a - 2 potions of curing
 h - a potion of mutation
 i - a potion of haste {unknown}
 k - 2 potions of flight
 x - 2 potions of brilliance {unknown}
 B - a potion of berserk rage {unknown}
 S - a potion of restore abilities {unknown}
 W - a potion of might
 Z - a potion of agility {unknown}
Books
 c - a book of Maledictions

   Spells                             Type                      Level
   a - Corona                         Hexes                        1
   b - Sure Blade                     Hexes/Charms                 2
   c - Ensorcelled Hibernation        Hexes/Ice                    2
   d - Confuse                        Hexes                        3
   e - Dazzling Spray                 Conjuration/Hexes            3
   f - Enslavement                    Hexes                        4
 z - a book of Ice

   Spells                             Type                      Level
   a - Ice Form                       Ice/Transmutation            4
   b - Metabolic Englaciation         Hexes/Ice                    5
   c - Ozocubu's Refrigeration        Ice                          6
   d - Bolt of Cold                   Conjuration/Ice              6
   e - Freezing Cloud                 Conjuration/Ice/Air          6
   f - Simulacrum                     Ice/Necromancy               6
Comestibles
 d - 2 meat rations
 t - 5 bread rations


   Skills:
 - Level 8.2 Fighting
   Level 0.5 Short Blades
 - Level 12.0 Maces & Flails
 * Level 5.4 Throwing
 + Level 8.8 Dodging
 - Level 2.4 Stealth
 - Level 7.0 Spellcasting
 - Level 4.5 Hexes


You had 15 spell levels left.
You knew the following spells:

 Your Spells              Type           Power        Failure   Level  Hunger
a - Corona                Hex            ###....      1%          1    None
b - Ensorcelled Hibernat  Hex/Ice        ##....       10%         2    None
c - Confuse               Hex            ###.....     8%          3    ##.....
d - Dazzling Spray        Conj/Hex       ##......     14%         3    ##.....


Dungeon Overview and Level Annotations

Branches:
Dungeon (13/15)            Temple (1/1) D:4            Lair (0/8) D:8
    Orc (0/4) D:9
 Vaults: D:13-14

Altars:
Ashenzari
Cheibriados
Dithmenos
Elyvilon
Gozag
Kikubaaqudgha
Makhleb
Nemelex Xobeh
Okawaru
Qazlal
Ru
Trog
Vehumet
Xom
Yredelemnul
Zin

Shops:
D:6 *(


Innate Abilities, Weirdness & Mutations

You are too large for most types of armour.
You have tough skin (AC +1).


Message History

The stone giant is heavily wounded.
The stone giant seems less confused.
The stone giant throws a large rock.
The large rock hits you!
* * * LOW HITPOINT WARNING * * *
Your magical contamination has completely faded away.
Things that are here:
a large rock; 11 stones Drink which item? (? for menu, Esc to quit)
You feel much better.
The stone giant throws a large rock.
The large rock hits you!!
* * * LOW HITPOINT WARNING * * *
Drink which item? (? for menu, Esc to quit)
Okay, then.
Read which item? (? for menu, Esc to quit)
Blink to where?
Press: ? - help, Dir - move target cursor, p - stone giant
As you read the scroll of blinking, it crumbles to dust.
You are very lightly contaminated with residual magic.
The stone giant throws a large rock.
The large rock hits you!
You die...

#.# #.#)########.# #
#.# #.........##.# #
#.# ###.#####....# #
#.# #.# ####.#######
#.#
#.########.#......
#.#
#..........#.#####
#.#
##################
#.#
#############C..##..)
#.#
#...@......#.#+#(####
#.####.########C#ยง#
.# #......# #.#.###.#
######## #.##...##
#..##'## ##C...#
######


You could see a stone giant.

Vanquished Creatures
  An unseen horror (D:10)
  3 kobold demonologists (D:10)
  A fire drake (D:8)
  2 wyverns
  A human (D:10)
  A deep elf mage (D:10)
  4 hippogriffs
  5 yaks (D:9)
  Edmund (D:6)
  A water moccasin (D:6)
  An ice beast (D:9)
  An orc warrior (D:8)
  2 black bears
  2 centaurs
  3 phantoms
  9 ogres
  2 sky beasts
  Duvessa (D:9)
  17 big kobolds
  Blork the orc (D:9)
  5 giant frogs
  A wyvern zombie (D:12)
  2 jellies (D:10)
  2 scorpions
  3 killer bees (D:8)
  8 wights
  4 goliath beetles
  4 crimson imps
  Dowan (D:9)
  2 giant frog skeletons
  3 orc priests
  5 hounds
  3 centaur skeletons
  A giant frog zombie (D:6)
  2 iguanas
  An iron imp (D:10)
  2 orc wizards
  Natasha (thrice) (D:4)
  3 worker ants
  4 sheep (D:10)
  5 gnolls
  9 adders
  A shadow imp (D:9)
  3 worms
  6 giant geckos
  30 orcs
  A ball python (D:1)
  14 bats
  A bat skeleton (D:5)
  A bat zombie (D:7)
  6 giant cockroaches
  8 goblins
  14 hobgoblins
  25 kobolds
  A quokka (D:3)
  A giant cockroach zombie (D:6)
  4 giant newts
  10 jackals
  A quokka zombie (D:9)
  17 rats
276 creatures vanquished.

Notes
Turn   | Place    | Note
--------------------------------------------------------------
     0 | D:1      | BluebellGnoll, the Ogre Enchanter, began the quest for the Orb.
     0 | D:1      | Reached XP level 1. HP: 16/16 MP: 3/3
    53 | D:1      | Reached skill level 1 in Fighting
   320 | D:1      | Reached XP level 2. HP: 18/28 MP: 5/5
   325 | D:1      | Learned a level 2 spell: Ensorcelled Hibernation
   376 | D:1      | Reached skill level 1 in Maces & Flails
  1160 | D:2      | Reached XP level 3. HP: 28/35 MP: 6/6
  1165 | D:2      | Learned a level 3 spell: Confuse
  1175 | D:2      | Found an opulent altar of Gozag.
  1176 | D:2      | Found a shimmering altar of Xom.
  1177 | D:2      | Found a shadowy altar of Dithmenos.
  1415 | D:2      | Found an ancient bone altar of Kikubaaqudgha.
  1446 | D:2      | Reached skill level 3 in Maces & Flails
  1661 | D:2      | Found a white marble altar of Elyvilon.
  1714 | D:2      | You fall through a shaft!
  2174 | D:2      | Reached skill level 4 in Maces & Flails
  2174 | D:2      | Reached XP level 4. HP: 38/42 MP: 8/8
  2906 | D:3      | You fall through a shaft for 3 floors!
  2933 | D:5      | Entered Level 5 of the Dungeon
  3060 | D:5      | Reached skill level 5 in Maces & Flails
  3137 | D:5      | Reached XP level 5. HP: 26/49 MP: 1/9
  3486 | D:3      | Reached skill level 6 in Maces & Flails
  3645 | D:4      | Found a staircase to the Ecumenical Temple.
  3702 | Temple   | Entered the Ecumenical Temple
  3714 | Temple   | Became a worshipper of Warmaster Okawaru
  3756 | D:4      | Noticed an ogre
  3787 | D:4      | Killed an ogre
  3787 | D:4      | Reached skill level 7 in Maces & Flails
  3787 | D:4      | Reached XP level 6. HP: 16/57 MP: 8/11
  3918 | D:4      | Noticed an ogre
  3927 | D:4      | Killed an ogre
  4195 | D:4      | Noticed a phantom
  4262 | D:4      | Killed a phantom
  4262 | D:4      | Acquired Okawaru's first power
  4262 | D:4      | Reached XP level 7. HP: 49/67 MP: 12/12
  4333 | D:4      | Noticed Natasha
  4341 | D:4      | Killed Natasha
  4548 | D:4      | Noticed Natasha
  4555 | D:4      | Killed Natasha
  4656 | D:4      | Noticed a phantom
  4707 | D:4      | Killed a phantom
  5046 | D:5      | Found a stormy altar of Qazlal.
  5306 | D:5      | Noticed a sky beast
  5337 | D:4      | Noticed Natasha
  5345 | D:4      | Killed Natasha
  5701 | D:5      | Killed a sky beast
  6375 | D:6      | Reached skill level 8 in Maces & Flails
  6375 | D:6      | Reached XP level 8. HP: 41/79 MP: 1/14
  6432 | D:6      | Reached skill level 5 in Fighting
  6694 | D:6      | Noticed an ogre
  6712 | D:6      | Killed an ogre
  6904 | D:6      | Found Woapnek's Serpentskin Sales.
  6904 | D:6      | Noticed a water moccasin
  6913 | D:6      | Killed a water moccasin
  6913 | D:6      | Reached skill level 9 in Maces & Flails
  6919 | D:6      | Bought 6 poisoned tomahawks for 84 gold pieces
  6948 | D:6      | Noticed a giant frog
  6966 | D:6      | Killed a giant frog
  6992 | D:6      | Noticed Edmund
  7021 | D:6      | Killed Edmund
  7271 | D:6      | Found Zaessae's Antique Weapon Shop.
  7599 | D:7      | Reached skill level 1 in Throwing
  7599 | D:7      | Reached XP level 9. HP: 90/93 MP: 7/15
  8232 | D:7      | Learned a level 3 spell: Dazzling Spray
  8706 | D:8      | Noticed a fire drake
  8709 | D:8      | Found a staircase to the Lair.
  8718 | D:8      | Killed a fire drake
  8740 | D:8      | Reached skill level 5 in Dodging
  8741 | D:8      | Reached skill level 10 in Maces & Flails
  8978 | D:8      | Reached XP level 10. HP: 54/102 MP: 13/21
  9027 | D:8      | Reached skill level 5 in Spellcasting
  9067 | D:8      | Reached skill level 11 in Maces & Flails
  9076 | D:8      | Acquired Okawaru's second power
  9535 | D:8      | Found a snail-covered altar of Cheibriados.
  9539 | D:8      | Found a basalt altar of Yredelemnul.
  9880 | D:9      | Noticed Blork the orc
  9897 | D:9      | Killed Blork the orc
 10175 | D:9      | Received a gift from Okawaru
 10182 | D:9      | Reached skill level 12 in Maces & Flails
 10484 | D:9      | Noticed Dowan
 10486 | D:9      | Noticed Duvessa
 10500 | D:9      | Killed Dowan
 10507 | D:9      | Killed Duvessa
 10585 | D:9      | Found a staircase to the Orcish Mines.
 11234 | D:10     | Entered Level 10 of the Dungeon
 11237 | D:10     | You fall through a shaft for 3 floors!
 11444 | D:11     | Reached XP level 11. HP: 111/111 MP: 16/26
 11650 | D:10     | Killed an unseen horror
 11679 | D:10     | Reached skill level 5 in Throwing
 12237 | D:10     | Upgraded the game from 0.16-a0-3330-g2931290 to 0.16-a0-3354-g045d5c7
 12926 | D:10     | Noticed a stone giant
 12949 | D:10     | HP: 5/111 [stone giant/large rock (13)]
 12963 | D:10     | Hit by a large rock thrown by a stone giant

Action                   |  1- 3 |  4- 6 |  7- 9 | 10-12 || total
-------------------------+-------+-------+-------+-------++-------
Melee: Dagger            |    20 |       |       |       ||    20
       Club              |   164 |    10 |       |       ||   174
       Flail             |       |   170 |    53 |       ||   223
       Whip              |       |     4 |       |       ||     4
       Giant club        |       |       |   231 |   331 ||   562
Throw: Throwing net      |     1 |       |       |       ||     1
       Stone             |       |    82 |    55 |       ||   137
       Tomahawk          |       |       |     4 |    21 ||    25
       Javelin           |       |       |       |     4 ||     4
 Cast: Corona            |    26 |    55 |    60 |    51 ||   192
       Confuse           |       |       |    55 |    73 ||   128
       Ensorcelled Hiber |       |       |     2 |     5 ||     7
Evoke: Wand              |       |       |     4 |    11 ||    15
  Use: Scroll            |       |     8 |    11 |     5 ||    24
       Potion            |       |     1 |     1 |     2 ||     4
 Stab: Confused          |       |       |    11 |    25 ||    36
       Sleeping          |       |       |     2 |     2 ||     4
       Distracted        |       |       |       |     1 ||     1
  Eat: Chunk             |     4 |     8 |    22 |    16 ||    50
